 Dungeon Crawl Stone Soup version 0.18.1-8-gdd0e5ea (webtiles) character file.

86 protoss039 the Shield-Bearer (level 4, -2/29 HPs)
             Began as a Gargoyle Fighter on May 21, 2016.
             Killed from afar by a dart slug (3 damage)
             ... with a slug dart
             ... on level 3 of the Dungeon.
             The game lasted 00:06:22 (1700 turns).

protoss039 the Shield-Bearer (Gargoyle Fighter)     Turns: 1700, Time: 00:06:23

Health: -2/29      AC: 10    Str: 21    XL:     4   Next: 49%
Magic:  4/4        EV:  8    Int: 13    God:
Gold:   68         SH: 10    Dex:  9    Spells: 0 memorised, 3 levels left

rFire  . . .     SeeInvis .     l - -2 mace (curse)
rCold  . . .     Gourm    .     b - +0 scale mail
rNeg   + . .     Faith    .     c - +1 shield
rPois  ∞         Spirit   .     (no helmet)
rElec  +         Dismiss  .     (no cloak)
rCorr  .         Reflect  .     (no gloves)
SustAt +         Harm     .     (no boots)
MR     .....                    (no amulet)
Stlth  ..........               (no ring)
                                h - ring of sustain attributes

@: brilliant, about to teleport, not resistant to hostile enchantments,
extremely unstealthy
A: negative energy resistance 1, electricity resistance, unbreathing,
petrification resistance, rot immunity, AC +3
a: no special abilities


You were on level 3 of the Dungeon.
You were very hungry.

You visited 1 branch of the dungeon, and saw 3 of its levels.

You collected 68 gold pieces.

Inventory:

Hand Weapons
 a - a +0 flail
 l - a cursed -2 mace (weapon)
Armour
 b - a +0 scale mail (worn)
 c - a +1 shield (worn)
Jewellery
 h - a ring of sustain attributes (left hand)
Wands
 n - a wand of iceblast (9/15)
Scrolls
 m - a scroll of identify
Potions
 d - a potion of might
Comestibles
 f - a bread ration
 i - a meat ration
 k - 4 fruits
 o - 3 chunks of flesh
 p - a slice of pizza


   Skills:
 + Level 3.7 Fighting
 + Level 2.3 Maces & Flails
 + Level 3.7 Armour
 - Level 1.2 Dodging
 + Level 4.3 Shields


You had 3 spell levels left.
You didn't know any spells.

Dungeon Overview and Level Annotations

Branches:
Dungeon (3/15)

Altars:


Innate Abilities, Weirdness & Mutations

You are resistant to torment.
Your stone body is resilient (AC +3).
You are immune to poison.
You resist negative energy.
You are resistant to electric shocks.
You can survive without breathing.
You are immune to petrification.
You are immune to rotting.


Message History

Identify which item? (\ to view known items) (? for menu, Esc to quit)
g - a potion of curing You block the orc's attack.
The dart slug barely misses you.
You feel better.
The dart slug bites you. x2; You block the orc's attack.
You block the dart slug's attack.
As you read the scroll of teleportation, it crumbles to dust.
You feel strangely unstable. The orc closely misses you.
The dart slug launches a dart at you. The slug dart hits you!
* * * LOW HITPOINT WARNING * * *
The dart slug bites you but does no damage.
You block the dart slug's attack.
It was a potion of brilliance.
You feel clever all of a sudden. The orc hits you with a short sword.
* * * LOW HITPOINT WARNING * * *
The dart slug bites you but does no damage. x2
The dart slug launches a dart at you. The slug dart hits you!
You die...

###.. ...# ##
...... .# ..
...#.#... ...
###..#.#..#
!..##≈≈.≈≈.....
....≈≈≈w≈≈≈...#
..≈≈w≈≈@w≈≈≈≈..
.≈≈#≈≈#ow≈≈≈#≈.
.≈≈≈≈≈.w8≈≈≈≈≈.
≈w≈≈≈≈#÷)≈≈≈≈≈≈
≈≈≈≈≈≈≈.≈≈≈≈≈≈≈
≈≈≈≈##$..≈≈≈≈≈≈
≈≈≈≈ ≈.<.≈≈≈≈≈#
≈≈≈ ≈≈...≈≈≈≈≈≈
## ≈≈≈≈%≈≈≈≈≈≈≈


You could see 6 dart slugs and an orc.

Vanquished Creatures
  3 adders (D:2)
  2 oozes
  2 dart slugs
  A giant gecko (D:2)
  2 giant cockroaches
  5 goblins
  3 hobgoblins
  6 jackals
  4 bats
  2 giant newts (D:2)
  12 kobolds
  3 rats
45 creatures vanquished.

Notes
Turn   | Place    | Note
--------------------------------------------------------------
     0 | D:1      | protoss039 the Gargoyle Fighter began the quest for the Orb.
     0 | D:1      | Reached XP level 1. HP: 14/14 MP: 1/1
   176 | D:1      | Reached XP level 2. HP: 19/19 MP: 2/2
   345 | D:1      | Reached XP level 3. HP: 23/23 MP: 3/3
  1022 | D:2      | Reached skill level 1 in Dodging
  1022 | D:2      | Reached skill level 4 in Shields
  1022 | D:2      | Reached XP level 4. HP: 24/29 MP: 4/4
  1700 | D:3      | HP: 1/29 [orc/short sword (3)]
  1700 | D:3      | Killed from afar by a dart slug

Skill      XL: |  1  2  3 |
---------------+----------+-----
Dodging        | 1 |  1.2
Shields        | 4 |  4.3
Fighting       | |  3.7
Maces & Flails | |  2.3
Armour         | |  3.7

Action                   |  1- 3 |  4- 6 || total
-------------------------+-------+-------++-------
Melee: Flail             |   143 |    20 ||   163
       Mace              |       |    57 ||    57
  Use: Scroll            |     3 |     2 ||     5
       Potion            |       |     2 ||     2
  Eat: Chunk             |       |     2 ||     2
Armor: Scale mail        |    86 |    42 ||   128
Dodge: Dodged            |    49 |    44 ||    93
Block: Shield            |    88 |    68 ||   156
